Map: Blueshift LE

Players

Rogue

  • Race: Zerg Zerg
  • Spawn Location: 7:00

SpeCial - Winner!

  • Race: Terran Terran
  • Spawn Location: 1:00

Event: 2018 WCS Global Finals

VOD

Have the link to the VOD?

Description

Time

  • Played on: Oct. 27, 2018, 2:29 p.m.
  • Length: 10:08

All games in this series

Show
View Real Time Build Order
Export as new Build Order

Rogue Zerg 

Build Orders: Hatch First 

Get SALT Encoding   

  12  0:00  Drone  
  13  0:12  Overlord  
  13  0:17  Drone  
  14  0:30  Drone x2  
  14  0:34  Drone  
  17  0:52  Hatchery  
  17  0:54  Drone  
  17  0:57  Drone  
  18  1:09  Extractor  
  17  1:12  Spawning Pool  
  17  1:15  Drone  
  17  1:18  Drone  
  18  1:28  Drone  
  19  1:39  Overlord  
  19  1:58  Queen  
  19  1:59  Zergling x2  
  19  2:00  Zergling x2  
  23  2:03  Queen  
  23  2:04  Zergling x2  
  23  2:08  Metabolic Boost  
  26  2:10  Drone  
  26  2:15  Drone  
  28  2:29  Hatchery  
  27  2:32  Drone  
  27  2:34  Drone  
  29  2:37  Drone  
  30  2:45  Overlord  
  30  2:55  Zergling x6  
  33  3:00  Zergling x2  
  34  3:10  Zergling x10  
  39  3:13  Zergling x6  
  42  3:22  Overlord  
  42  3:31  Drone  
  42  3:32  Drone  
  44  3:43  Drone  
  44  3:44  Drone x5  
  44  3:47  Queen  
  52  3:52  Drone  
  52  3:53  Drone  
  52  3:55  Queen  
  56  4:02  Drone x2  
  55  4:17  Overlord  
  55  4:18  Drone  
  55  4:21  Drone  
  55  4:22  Overlord, Drone x4  
  56  4:27  Drone x3  
  56  4:30  Drone  
  53  4:32  Drone  
  54  4:39  Spore Crawler  
  54  4:41  Drone  
  54  4:44  Drone x2  
  56  4:48  Spore Crawler  
  56  4:52  Spore Crawler  
  54  4:57  Drone x4  
  58  5:01  Drone  
  58  5:02  Drone  
  58  5:10  Spore Crawler  
  58  5:11  Drone x3  
  58  5:19  Drone x5  
  62  5:22  Drone x2  
  62  5:24  Drone  
  64  5:33  Lair  
  64  5:34  Evolution Chamber  
  63  5:35  Evolution Chamber  
  63  5:37  Drone  
  63  5:43  Overlord  
  63  5:44  Drone x2  
  65  5:51  Extractor  
  65  5:53  Roach Warren  
  65  5:55  Drone  
  65  5:56  Overlord x2, Drone x2  
  66  6:04  Drone x7  
  66  6:08  Extractor  
  66  6:09  Extractor  
  66  6:10  Drone  
  71  6:16  Drone x5  
  76  6:18  Extractor  
  76  6:21  Drone  
  76  6:22  Drone x2  
  76  6:23  Queen  
  80  6:33  Drone, Zerg Missile Weapons Level 1  
  80  6:34  Overlord, Zerg Ground Armor Level 1  
  80  6:38  Overseer, Extractor  
  80  6:39  Drone  
  82  6:40  Drone  
  82  6:41  Drone x3  
  82  6:44  Overseer  
  82  6:46  Drone x4  
  89  6:50  Overlord x2  
  89  6:51  Glial Reconstitution  
  89  7:01  Roach  
  89  7:02  Roach x3  
  89  7:05  Overlord  
  89  7:07  Queen  
  99  7:14  Roach, Infestation Pit  
  99  7:15  Roach x4  
  108  7:16  Roach  
  110  7:25  Roach x4  
  110  7:28  Overlord  
  118  7:33  Hatchery  
  117  7:39  Roach x2  
  117  7:40  Baneling Nest  
  117  7:42  Overlord x2  
  120  7:45  Drone x2  
  120  7:47  Drone x2  
  120  7:48  Overlord  
  124  7:54  Overlord x2  
  123  8:01  Roach x3  
  123  8:04  Ravager x6  
  135  8:09  Drone  
  135  8:10  Hatchery  
  135  8:15  Roach x4  
  143  8:23  Overlord  
  143  8:24  Drone x7  
  150  8:35  Zergling x6  
  150  8:39  Pneumatized Carapace  
  150  8:40  Extractor  
  152  8:44  Extractor  
  152  8:47  Ravager x5  
  152  8:48  Ravager x2, Zergling x2  
  158  8:49  Zergling x10, Queen  
  158  8:50  Spore Crawler  
  165  8:59  Zergling x14  
  173  9:03  Overlord, Ravager  
  173  9:07  Zergling x6  
  176  9:11  Baneling x7  
  176  9:13  Overlord  
  173  9:23  Baneling x11  
  173  9:24  Zergling x16  
  168  9:28  Queen  
  175  9:38  Roach x7  
  173  9:43  Zergling x2  
  173  9:44  Zergling x2  
  157  9:48  Zergling x6  
  157  9:49  Zergling x8  
  157  9:50  Zergling x2  
Show
View Real Time Build Order
Export as new Build Order

SpeCial Terran - Winner!

Build Orders: Reaper Expand, Banshee Rush 

Get SALT Encoding   

  12  0:00  SCV  
  13  0:13  SCV  
  14  0:17  Supply Depot  
  14  0:25  SCV  
  15  0:39  SCV  
  15  0:41  Barracks  
  16  0:43  Refinery  
  16  0:51  SCV  
  17  1:03  SCV  
  18  1:15  SCV  
  19  1:29  Reaper, Orbital Command  
  20  1:39  Command Center  
  20  1:54  Supply Depot  
  20  1:55  SCV  
  20  2:00  Marine  
  22  2:05  Factory  
  22  2:07  SCV  
  23  2:13  Refinery  
  23  2:19  SCV  
  24  2:23  Barracks Reactor  
  24  2:31  SCV  
  25  2:43  SCV  
  26  2:51  Orbital Command  
  26  2:53  Starport  
  26  2:55  SCV  
  27  3:06  Hellion x2  
  27  3:07  SCV  
  27  3:12  Barracks Tech Lab  
  32  3:15  Supply Depot  
  32  3:17  SCV  
  32  3:19  SCV  
  34  3:27  Hellion x2  
  34  3:29  SCV  
  34  3:31  SCV  
  40  3:38  Supply Depot  
  40  3:41  SCV, Cloaking Field  
  40  3:42  Banshee  
  40  3:45  SCV  
  45  3:53  SCV  
  46  3:56  Factory Tech Lab  
  46  3:57  SCV  
  49  4:05  SCV  
  49  4:09  SCV  
  49  4:12  Marine x2, Command Center  
  51  4:17  SCV  
  51  4:21  SCV  
  51  4:22  Siege Tank  
  56  4:30  SCV  
  52  4:31  Banshee  
  52  4:33  SCV  
  52  4:34  Marine x2  
  54  4:40  Refinery  
  54  4:42  SCV  
  54  4:43  Refinery  
  54  4:45  Supply Depot, SCV  
  56  4:52  Marine x2  
  58  4:54  SCV, Siege Tank  
  64  5:07  SCV x2  
  64  5:11  Engineering Bay x2  
  64  5:14  Raven, Marine x2  
  64  5:19  SCV x2  
  70  5:24  Supply Depot  
  70  5:25  Orbital Command  
  70  5:31  SCV  
  71  5:37  Barracks  
  71  5:39  SCV  
  71  5:40  Terran Infantry Weapons Level 1, Terran Infantry Armor Level 1  
  71  5:41  Barracks  
  71  5:42  Marine  
  72  5:43  Stimpack, SCV  
  72  5:44  Orbital Command  
  72  5:48  Supply Depot  
  74  5:54  SCV  
  74  5:55  SCV  
  76  6:04  Barracks  
  76  6:05  Barracks  
  76  6:07  Marine, SCV x2  
  76  6:10  SCV  
  80  6:13  Starport Reactor  
  80  6:16  Supply Depot  
  80  6:17  Siege Tank  
  83  6:19  SCV  
  83  6:25  Marine  
  84  6:26  Barracks Tech Lab  
  84  6:29  SCV x2  
  84  6:30  Marine, Refinery  
  84  6:31  Marine  
  89  6:34  Supply Depot  
  89  6:36  SCV  
  90  6:42  SCV  
  90  6:43  Marine, SCV  
  90  6:45  Supply Depot  
  93  6:48  Marine, Armory, SCV  
  93  6:49  Marine, Siege Tank  
  93  6:50  Combat Shield  
  93  6:51  Medivac  
  93  6:52  Medivac  
  103  6:55  Barracks Reactor  
  103  6:58  SCV  
  103  7:00  Supply Depot  
  105  7:01  Marauder  
  105  7:02  SCV  
  105  7:04  Barracks Reactor  
  105  7:06  Marine x2  
  109  7:15  Barracks  
  109  7:16  Barracks x2  
  109  7:17  Armory  
  109  7:18  Marauder  
  109  7:21  Medivac  
  109  7:22  Marine  
  114  7:24  Marine x2  
  114  7:25  Medivac  
  118  7:33  SCV x2  
  120  7:38  Marine x2  
  120  7:39  Marine  
  120  7:40  Marine, Supply Depot  
  120  7:41  Supply Depot  
  120  7:42  Marine x2, Terran Infantry Weapons Level 2  
  126  7:46  Marine x2  
  126  7:49  Supply Depot  
  128  7:51  Supply Depot  
  128  7:55  Marine  
  128  7:56  Marine  
  128  7:57  Marauder  
  128  7:58  Marine  
  133  8:02  Marine x2, Supply Depot  
  133  8:04  Marine, Supply Depot  
  133  8:05  Barracks Reactor, Barracks Tech Lab  
  136  8:07  Barracks Tech Lab  
  136  8:09  Concussive Shells  
  136  8:11  Supply Depot  
  136  8:14  Marine x2  
  136  8:16  Marauder, Marine  
  136  8:19  Marauder, Marine x2  
  142  8:21  Unknown  
  142  8:23  Marauder, Marine  
  147  8:29  Marauder  
  147  8:32  Marine x2  
  151  8:34  Marine  
  151  8:37  Marine  
  151  8:38  Marauder  
  151  8:39  Marine  
  151  8:40  Marauder  
  151  8:41  Marine  
  159  8:45  Marauder  
  159  8:46  Sensor Tower  
  159  8:47  Supply Depot, Refinery  
  159  8:48  Siege Tank  
  164  8:51  Marauder  
  164  8:54  Marine  
  167  8:58  Marine x2  
  167  8:59  Marauder  
  167  9:01  Marauder  
  173  9:03  Marine  
  173  9:06  Marauder  
  173  9:07  Marine x2  
  173  9:08  Liberator  
  178  9:10  Marine, Command Center  
  178  9:12  Marauder  
  176  9:18  Marine  
  176  9:19  Marine  
  176  9:20  Marauder  
  176  9:23  Marauder  
  181  9:24  Marine x3  
  181  9:25  Siege Tank  
  181  9:27  Marauder  
  181  9:29  Marine  
  193  9:33  Marauder  
  178  9:39  Marine x2  
  178  9:41  Marine x2  
  178  9:42  Marauder, Marine  
  178  9:44  Marauder  
  171  9:45  Marine  
  171  9:46  Marine  
Tags
 
Add a new tag
Caveats
  • Supply blocks, unpowered buildings, or Contaminate may cause inaccurate times.
  • Supply counts are checked every 10 seconds.